 Dungeon Crawl Stone Soup version 0.28-a0-655-g4eb62b627b (webtiles) character file.

Game seed: 5400234290787620823

88 willcat the Sneak (level 4, -1/35 HPs)
             Began as a Human Delver on Oct 12, 2021.
             Was an Initiate of the Shining One.
             Slain by a bullfrog (4 damage)
             ... on level 6 of the Dungeon.
             The game lasted 00:01:03 (510 turns).

willcat the Sneak (Human Delver)                     Turns: 510, Time: 00:01:03

Health: -1/35      AC:  3    Str: 12    XL:     4   Next: 82%
Magic:  4/4        EV: 12    Int: 12    God:    the Shining One [......]
Gold:   47         SH:  0    Dex: 14    Spells: 3/3 levels left

rFire   . . .      SeeInvis .   a - +0 short sword
rCold   . . .      Faith    .   (no shield)
rNeg    . . .      Spirit   .   b - +0 leather armour
rPois   .          Reflect  .   (no helmet)
rElec   .          Harm     .   (no cloak)
rCorr   .          Rampage  .   (no gloves)
Will    +....                   (no boots)
Stlth   +.........              (no amulet)
HPRegen 0.11/turn               h - ring of willpower
MPRegen 0.09/turn               (no ring)

@: glowing
A: no striking features
a: Renounce Religion


You were on level 6 of the Dungeon.
You worshipped the Shining One.
The Shining One was noncommittal.
You visited 1 branch of the dungeon, and saw 2 of its levels.

You collected 47 gold pieces.

Inventory:

Hand Weapons
 a - a +0 short sword (weapon)
Armour
 b - a +0 leather armour (worn)
Jewellery
 h - a ring of willpower (left hand)
Wands
 g - a wand of digging (3)
Scrolls
 c - a scroll of fog
 d - a scroll of magic mapping
 e - a scroll of fear
Potions
 f - a potion of haste


   Skills:
 - Level 3.0 Fighting
 + Level 3.1 Short Blades
 + Level 3.0 Dodging
 + Level 5.6 Stealth


You had 3 spell levels left.
You didn't know any spells.
Your spell library was empty.

Dungeon Overview and Level Annotations

Branches:
Dungeon (6/15)
 Temple: D:4-7

Altars:
Cheibriados
The Shining One


Message History

A bullfrog comes into view.
A bullfrog is nearby!
The bullfrog gives a loud, deep croak!
You hit the bullfrog.
The bullfrog is moderately wounded.
The bullfrog barely misses you.
You hit the bullfrog.
The bullfrog is heavily wounded.
The bullfrog hits you!
You barely miss the bullfrog.
The bullfrog is heavily wounded.
The bullfrog hits you! The bullfrog hits you.
You are too injured to fight recklessly!
You are too injured to fight recklessly!
You are too injured to fight recklessly!
You completely miss the bullfrog.
The bullfrog is heavily wounded.
The bullfrog misses you.
You closely miss the bullfrog.
The bullfrog is heavily wounded.
The bullfrog closely misses you. The bullfrog hits you.
* * * LOW HITPOINT WARNING * * *
You closely miss the bullfrog.
The bullfrog is heavily wounded.
The bullfrog hits you.
* * * LOW HITPOINT WARNING * * *
Unknown command.
You feel better. The bullfrog hits you.
* * * LOW HITPOINT WARNING * * *
The bullfrog hits you but does no damage.
Unknown command.
You barely miss the bullfrog.
The bullfrog is heavily wounded.
The bullfrog hits you.
* * * LOW HITPOINT WARNING * * *
Unknown command.
You barely miss the bullfrog.
The bullfrog is heavily wounded.
The bullfrog hits you.
You die...

#..
#..########
#........<#.
#.
#...........
#.#...........
#............
#....<...#
#....#...#
#....#.@.#
#....#F..#
#.#..#...#
#.#..###.# #
#.> .# #.# .#
.# ..


You could see a bullfrog.

Vanquished Creatures
  3 hounds (D:5)
3 creatures vanquished.

Notes
Turn   | Place    | Note
-------+----------+-------------------------------------------
     0 | D:5      | willcat the Human Delver began the quest for the Orb.
     0 | D:5      | Reached XP level 1. HP: 18/18 MP: 1/1
    26 | D:5      | Noticed a hound
    30 | D:5      | Found a glowing golden altar of the Shining One.
    30 | D:5      | Found a snail-covered altar of Cheibriados.
    48 | D:5      | Killed a hound
    49 | D:5      | Reached XP level 2. HP: 21/24 MP: 2/2
    49 | D:5      | Reached XP level 3. HP: 25/29 MP: 3/3
   186 | D:5      | Became a worshipper of the Shining One
   214 | D:5      | Reached XP level 4. HP: 13/35 MP: 4/4
   468 | D:5      | Noticed a phantom
   499 | D:6      | Noticed a bullfrog
   510 | D:6      | Slain by a bullfrog

Illustrated notes

Levels and vault maps discovered:
D:5:      layout_cave_pools, mainiacjoe_overflow_large_starburst,
          lemuel_temple_firewalk_a, minmay_fractal_squares_gapless_5
D:6:      layout_basic, gammafunk_temple_overflow_pools, minmay_ogre_servants

Skill      XL: |  1  2  3  4 |
---------------+-------------+-----
Short Blades   | 3 |  3.1
Dodging        | 3 |  3.0
Fighting       | |  3.0
Stealth        | |  5.6

Action                   |  1- 3 |  4- 6 || total
-------------------------+-------+-------++-------
Melee: Short sword       |    29 |    16 ||    45
  Use: Potion            |     2 |     1 ||     3
Armor: Skin              |    14 |       ||    14
       Leather armour    |     7 |     2 ||     9
Dodge: Dodged            |    12 |     8 ||    20

Table legend: (Time is in decaauts)
 A = Elapsed time spent in this place.
 B = Non-inter-level travel time spent in this place.
 C = Inter-level travel time spent in this place.
 D = Time resting spent in this place.
 E = Time spent auto-exploring this place.
 F = Levels seen in this place.
 G = Mean time per level.
                   A        B        C        D        E       F      G
               +--------+--------+--------+--------+--------+-----+--------+
         Total |    508 |    508 |      0 |    331 |      5 |   2 |  254.0 |
       Dungeon |    508 |    508 |      0 |    331 |      5 |   2 |  254.0 |
               +--------+--------+--------+--------+--------+-----+--------+

Top non-repeatable levels by time:
     D:5: 492 daAuts
     D:6: 16 daAuts
